 Dungeon Crawl Stone Soup version 0.17-a0-1479-g4041c36 (webtiles) character file.

116 mrath the Ruffian (level 5, -2/33 HPs)
             Began as a Gargoyle Monk on July 3, 2015.
             Slain by an orc
             ... wielding a +0 quarterstaff
              (5 damage)
             ... on level 3 of the Dungeon.
             The game lasted 00:32:31 (3237 turns).

mrath the Ruffian (Gargoyle Monk)                   Turns: 3237, Time: 00:32:32

Health: -2/33      AC: 10    Str: 15    XL:     5   Next: 0%
Magic:  5/5        EV: 11    Int: 11    God:
Gold:   130        SH:  0    Dex: 12    Spells: 0 memorised, 4 levels left

rFire  . . .     SeeInvis .       - Unarmed
rCold  . . .     Clarity  .     p - +1 ring mail
rNeg   + . .     SustAt   .     (no shield)
rPois  ∞         Gourm    .     (no helmet)
rElec  +         Spirit   .     (no cloak)
rCorr  .         Warding  .     (no gloves)
rMut   .         Stasis   .     (no boots)
MR     .....                    (no amulet)
Stlth  +.........               (no ring)
                                (no ring)

@: not resistant to hostile enchantments, very unstealthy
A: negative energy resistance 1, electricity resistance, unbreathing,
petrification resistance, rot immunity, AC +4
a: no special abilities


You were on level 3 of the Dungeon.
You were not hungry.

You visited 1 branch of the dungeon, and saw 3 of its levels.

You collected 130 gold pieces.

Inventory:

Hand weapons
 g - a +0 club
 i - a +2 whip of venom
 v - a +0 mace of protection
Missiles
 b - 53 sling bullets
 e - 16 poisoned needles
 h - 8 needles of sleeping
 j - 111 stones (quivered)
 l - a throwing net
 n - 16 bolts
Armour
 a - a +0 robe
 p - a +1 ring mail (worn)
 t - a +0 chain mail
 u - a +2 buckler
Magical devices
 B - a wand of magic darts (19)
Scrolls
 c - 2 scrolls of identify
 r - 2 scrolls of noise
 w - a scroll of fear
 y - a scroll of remove curse
 A - a scroll of amnesia
Potions
 d - 2 potions of lignification {unknown}
 f - a potion of ambrosia
 k - a potion of beneficial mutation {unknown}
 o - 3 potions of curing
 q - a potion of might {unknown}
 x - a potion of invisibility
Comestibles
 m - 3 meat rations
 s - a bread ration
 z - 5 chunks of flesh


   Skills:
 + Level 3.8 Fighting
 + Level 0.8 Maces & Flails
 + Level 1.3 Throwing
 + Level 0.4 Armour
 + Level 3.3 Dodging
 + Level 2.5 Stealth
 + Level 4.4 Unarmed Combat


You had 4 spell levels left.
You didn't know any spells.

Dungeon Overview and Level Annotations

Branches:
Dungeon (3/15)

Altars:
Yredelemnul


Innate Abilities, Weirdness & Mutations

You are resistant to torment.
Your stone body is resilient (AC +4).
You are immune to poison.
You resist negative energy.
You are resistant to electric shocks.
You can survive without breathing.
You are immune to petrification.
You are immune to rotting.


Message History

You punch something! Something hits you but does no damage.
You closely miss something. Something hits you.
You miss something. Something hits you.
You miss something. Something hits you but does no damage.
You miss something. You hit something but do no damage.
Something hits you but does no damage.
You closely miss something. Something hits you.
You barely miss something. Something hits you.
* * * LOW HITPOINT WARNING * * *
You miss something. Something hits you but does no damage.
You completely miss something. You closely miss something.
Something hits you but does no damage.
You closely miss something. Something hits you.
* * * LOW HITPOINT WARNING * * *
Your ring mail prevents you from hitting something.
Something hits you but does no damage.
You miss something. Something hits you.
* * * LOW HITPOINT WARNING * * *
Something hits you.
You die...

........#######.#)#
..g
#............##.#(#
#
#...###.####....#.#
##..# #.####..###.#
.#..# #.##....# #.#
....# #.##.)..# #.#
....# #.##....# #.#
....# #.##....###.#
###.# #.........@.#
###.# #.##..#######
....# # #..#
###.........# #
#.###.###.# # # #.#
# #.# . #.# .. #.#


There were no monsters in sight!

Vanquished Creatures
  6 adders
  An ooze (D:3)
  A giant gecko (D:2)
  4 orcs (D:3)
  6 bats
  3 giant cockroaches
  7 hobgoblins
  7 giant newts
  12 goblins
  5 kobolds
  3 rats
55 creatures vanquished.

Notes
Turn   | Place    | Note
--------------------------------------------------------------
     0 | D:1      | mrath the Gargoyle Monk began the quest for the Orb.
     0 | D:1      | Reached XP level 1. HP: 14/14 MP: 1/1
   338 | D:1      | Reached XP level 2. HP: 4/19 MP: 2/2
  1306 | D:1      | Reached XP level 3. HP: 21/23 MP: 3/3
  1743 | D:2      | Found a basalt altar of Yredelemnul.
  2226 | D:2      | Reached XP level 4. HP: 21/29 MP: 4/4
  2343 | D:2      | Reached skill level 1 in Throwing
  3196 | D:3      | Reached XP level 5. HP: 19/33 MP: 5/5
  3237 | D:3      | Slain by an orc

Vault maps used:
D:1:      dpeg_arrival_long_road, minmay_misc_feat_ornament
D:2:      yredelemnul_altar_generic, kennysheep_cluttered_room,
          kennysheep_generic_room_12
D:3:      st_stairs_4, grunt_ministairs_1, minmay_misc_feat_four_crosses,
          kennysheep_generic_room_6

Action                   |  1- 3 |  4- 6 || total
-------------------------+-------+-------++-------
Melee: Unarmed           |    66 |    74 ||   140
       Club              |    71 |       ||    71
Throw: Stone             |    56 |    49 ||   105
  Use: Scroll            |     6 |     2 ||     8
 Stab: Sleeping          |     1 |       ||     1
  Eat: Bread ration      |     1 |       ||     1
       Chunk             |       |     3 ||     3
